 Dungeon Crawl Stone Soup version 0.28.0-53-g5a82cb258f (webtiles) character file.

Game seed: 6946007034986575717

30 Atelerd the Digger (level 3, 0/21 HPs)
             Began as an Octopode Earth Elementalist on July 17, 2022.
             Slain by a jackal (3 damage)
             ... on level 2 of the Dungeon.
             The game lasted 00:00:50 (2102 turns).

Atelerd the Digger (Octopode Earth Elementalist)    Turns: 2102, Time: 00:00:51

Health: 0/21       AC:  1    Str:  7    XL:     3   Next: 20%
Magic:  5/6        EV: 13    Int: 19    God:
Gold:   14         SH:  0    Dex: 12    Spells: 5/6 levels left

rFire   . . .      SeeInvis .   a - +0 dagger
rCold   . . .      Faith    .   (no shield)
rNeg    . . .      Spirit   .   (helmet restricted)
rPois   .          Reflect  .   (no amulet)
rElec   .          Harm     .   (no ring)
rCorr   .          Rampage  .   (no ring)
Will    .....                   (no ring)
Stlth   +++.......              (no ring)
HPRegen 0.07/turn               (no ring)
MPRegen 0.10/turn               (no ring)
                                (no ring)
                                (no ring)

@: no status effects
A: almost no armour, amphibious, 8 rings, camouflage 1, gelatinous body 1,
(nimble swimmer 1), tentacles
a: no special abilities


You were on level 2 of the Dungeon.
You visited 1 branch of the dungeon, and saw 2 of its levels.

You collected 14 gold pieces.

Inventory:

Hand Weapons
 a - a +0 dagger (weapon)
Missiles
 b - 22 stones
Scrolls
 d - a scroll of torment {unknown}
 f - a scroll of enchant armour {unknown}
 g - a scroll of enchant weapon {unknown}
Potions
 c - 3 potions of flight {unknown}
 e - a potion of brilliance {unknown}


   Skills:
 + Level 2.4 Dodging
 + Level 3.0 Stealth
 + Level 2.3 Spellcasting
 + Level 1.0 Transmutations
 + Level 3.5 Earth Magic


You had 5 spell levels left.
You knew the following spells:

 Your Spells              Type           Power      Damage    Failure   Level
a - Sandblast             Erth           30%        2d9       3%          1

Your spell library contained the following spells:

 Spells                   Type           Power      Damage    Failure   Level
 Passwall                 Tmut/Erth      8%         N/A       10%         2
 Stone Arrow              Conj/Erth      16%        3d8       24%         3
 Petrify                  Tmut/Erth      10%        N/A       54%         4
 Irradiate                Conj/Tmut      2%         3d14      98%         5
 Fireball                 Conj/Fire      1%         3d3       99%         5
 Lightning Bolt           Conj/Air       1%         1d12      99%         5
 Summon Forest            Summ/Tloc      1%         N/A       99%         5
 Eringya's Noxious Bog    Tmut/Pois      2%         N/A       100%        6
 Summon Hydra             Summ           1%         N/A       100%        7


Dungeon Overview and Level Annotations

Branches:
Dungeon (2/15)

Altars:


Innate Abilities, Weirdness & Mutations

You cannot wear most types of armour.
You are amphibious.
You can wear up to eight rings at the same time.
Your skin changes colour to match your surroundings (Stealth+).
Your rubbery body absorbs attacks. (AC +1, EV +1)
((You are camouflaged when in or above water. (Stealth+)))
You have tentacles for arms and can constrict up to eight enemies at once.


Message History

The jackal closely misses you. The jackal barely misses you. The rat bites you.
The jackal closely misses you.
There are monsters nearby!
You barely miss the jackal. Your grab misses the jackal.
The jackal barely misses you. x2; The jackal bites you.
A worm comes into view.
The rat completely misses you.
There are monsters nearby!
You closely miss the jackal. You grab the jackal.
You constrict the jackal, but do no damage.
The jackal bites you. x2; The jackal closely misses you.
The jackal bites you but does no damage.
The rat bites you. The jackal misses you.
There are monsters nearby!
You hit the jackal. You squeeze the jackal.
You kill the jackal!
The jackal bites you but does no damage.
The jackal bites you. The jackal barely misses you. The rat bites you.
* * * LOW HITPOINT WARNING * * *
You are too injured to fight recklessly!
There are monsters nearby!
You are too injured to fight recklessly!
There are monsters nearby!
You are too injured to fight recklessly!
You are too injured to fight recklessly!
You are too injured to fight recklessly!
You are too injured to fight recklessly!
You are too injured to fight recklessly!
Unknown command.
The jackal closely misses you. The jackal bites you.
* * * LOW HITPOINT WARNING * * *
Casting: Sandblast (safe; 3% risk of failure)
Confirm with . or Enter, or press ? or * to list all spells.
Aiming: Sandblast (safe; 3% risk of failure)
Press: ? - help, Shift-Dir - straight line, f - jackal
Aim: a jackal (74% to hit)
The blast of sand hits the jackal.
You kill the jackal!
The jackal bites you.
You die...

... .## #.. ..
..##.####
####........
#.>.w......#
########.(..........
#......#..†.........
#....).#..†hr......#
#......#...@......#
#......#........?.+
#......#..........##.
#......#.............
#......#..$..........
#......#..........#.
#......#####.###+##
#......# #.#
#......#####.#


You could see a worm, a jackal and a rat.

Vanquished Creatures
  An endoplasm (D:1)
  2 giant cockroaches (D:1)
  3 goblins
  A hobgoblin (D:1)
  10 jackals
  A quokka (D:1)
  A ball python (D:2)
  A bat (D:1)
  A frilled lizard (D:1)
  3 kobolds
  4 rats
28 creatures vanquished.

Notes
Turn   | Place    | Note
-------+----------+-------------------------------------------
     0 | D:1      | Atelerd the Octopode Earth Elementalist began the quest for
                  | the Orb.
     0 | D:1      | Reached XP level 1. HP: 11/11 MP: 3/3
   647 | D:1      | Reached XP level 2. HP: 17/17 MP: 1/5
  1158 | D:1      | Got the Incunabulum of Earth and Attacks
  1486 | D:1      | Reached XP level 3. HP: 19/21 MP: 6/6
  2102 | D:2      | Slain by a jackal

Illustrated notes

Levels and vault maps discovered:
D:1:      lemuel_arrival_muddy, layout_basic, serial_corexii_hall,
          corexii_hall_statues_l, corexii_hall_statues_l
D:2:      layout_basic, minmay_tripent

Skill      XL: |  1  2  3 |
---------------+----------+-----
Stealth        | 3 |  3.0
Dodging        | |  2.4
Spellcasting   | |  2.3
Transmutations | |  1.0
Earth Magic    | |  3.5

Action                   || total
-------------------------++-------
Melee: Unarmed           ||     5
       Dagger            ||    37
       Constrict         ||    15
       Tentacles         ||    11
 Cast: Sandblast         ||    18
 Stab: Sleeping          ||     2
Armor: Skin              ||    14
Dodge: Dodged            ||    63
